 Dungeon Crawl Stone Soup version 0.27.1-33-g824d729ab1 (webtiles) character file.

Game seed: 18111147989899878578

152 Tirrikindir the Ducker (level 5, -1/36 HPs)
             Began as an Octopode Fighter on Dec 23, 2021.
             Was an Initiate of the Shining One.
             Killed by a torrent of water (18 damage)
             ... invoked by the enmity of Fedhas Madash
             ... on level 3 of the Dungeon.
             The game lasted 00:06:39 (3468 turns).

Tirrikindir the Ducker (Octopode Fighter)           Turns: 3468, Time: 00:06:40

Health: -1/36      AC:  1    Str: 15    XL:     5   Next: 34%
Magic:  14/14      EV: 11    Int: 11    God:    the Shining One [......]
Gold:   71         SH:  9    Dex: 12    Spells: 4/4 levels left

rFire    . . .     SeeInvis .   a - +0 long sword
rCold    . . .     Faith    .   b - +0 kite shield
rNeg     + . .     Spirit   .   (helmet restricted)
rPois    .         Reflect  .   (no amulet)
rElec    .         Harm     .   h - ring of positive energy
rCorr    .         Rampage  .   p - ring of magical power
Will     .....                  (no ring)
Stlth    +.........             (no ring)
HPRegen  0.12/turn              (no ring)
MPRegen  0.14/turn              (no ring)
                                (no ring)
                                (no ring)

@: glowing
A: almost no armour, amphibious, 8 rings, camouflage 1, gelatinous body 1,
(nimble swimmer 1), tentacles
a: Renounce Religion


You were on level 3 of the Dungeon.
You worshipped the Shining One.
The Shining One was noncommittal.
You visited 1 branch of the dungeon, and saw 3 of its levels.

You collected 71 gold pieces.

Inventory:

Hand Weapons
 a - a +0 long sword (weapon)
 q - a +3 short sword
Missiles
 n - 21 poisoned darts (quivered)
Armour
 b - a +0 kite shield (worn)
Jewellery
 h - a ring of positive energy (left tentacle)
 p - a ring of magical power (right tentacle)
Scrolls
 d - a scroll of magic mapping {unknown}
 e - a scroll of enchant weapon {unknown}
 f - a scroll of acquirement {unknown}
 j - a scroll of identify {unknown}
 k - 2 scrolls of teleportation {unknown}
Potions
 c - a potion of might
 g - a potion of flight {unknown}
 l - a potion of curing {unknown}
 m - a potion of cancellation {unknown}
 o - 2 potions of berserk rage {unknown}


   Skills:
 + Level 3.6 Fighting
 * Level 3.5 Long Blades
 + Level 3.6 Dodging
 - Level 1.7 Stealth
 + Level 3.5 Shields
 + Level 1.0 Invocations


You had 4 spell levels left.
You didn't know any spells.
Your spell library contained the following spells:

 Spells                   Type           Power      Damage    Failure   Level
 Summon Small Mammal      Summ           0%         N/A       83%         1
 Corpse Rot               Necr/Air       N/A        N/A       93%         2
 Poisonous Vapours        Pois/Air       0%         N/A       93%         2
 Call Canine Familiar     Summ           0%         N/A       99%         3
 Summon Guardian Golem    Hex/Summ       0%         N/A       99%         3
 Freezing Cloud           Conj/Ice/Air   0%         6-21      100%        5


Dungeon Overview and Level Annotations

Branches:
Dungeon (3/15)

Altars:
Fedhas
The Shining One


Innate Abilities, Weirdness & Mutations

You cannot wear most types of armour.
You are amphibious.
You can wear up to eight rings at the same time.
Your skin changes colour to match your surroundings (Stealth+).
Your rubbery body absorbs attacks. (AC +1, EV +1)
((You are camouflaged near water. (Stealth+)))
You have tentacles for arms and can constrict up to eight enemies at once.


Message History

A rat comes into view.
You see here a ring of magical power.
p - a ring of magical power You block the rat's attack.
You hit the rat. Your grab misses the rat.
The rat is heavily wounded.
You block the rat's attack.
You hit the rat.
You kill the rat!
Things that are here:
20 stones; a rat corpse You feel your magic capacity increase.
p - a ring of magical power (right tentacle) Fedhas invokes nature against you.
The bolt of acid hits you! The acid corrodes you!
You are splashed with acid!
* * * LOW HITPOINT WARNING * * *
You see here a bat corpse.
A bat comes into view.
You are no longer corroded.
You hit the bat.
You kill the bat!
A hobgoblin comes into view.
A kobold comes into view. It is wielding a +3 short sword.
The hobgoblin shouts!
You hit the hobgoblin.
You kill the hobgoblin!
You closely miss the kobold. Your grab misses the kobold.
You block the kobold's attack.
You slash the kobold!
You kill the kobold!
Things that are here:
a +3 short sword; a kobold corpse
q - a +3 short sword Drop what? 17/52 slots (_ for help) (? for menu, Esc to quit)
You drop a +2 dagger of venom.
You start resting.
Fedhas invokes nature against you. The torrent of water hits you!!
Ouch! That really hurt!
You die...

## ..# #.# #### #.#
#.. #.# #.#
#.####@# #......##.
#.........#
###.#########
#)..#...(.#
#.###.###.# #.# #.#
#.# #.###.# #.#
#########.....###.#


You could see the enmity of Fedhas Madash (unaware).

Vanquished Creatures
  An orc priest (D:3)
  An orc wizard (D:3)
  An adder (D:2)
  4 worms (D:2)
  3 dart slugs
  3 orcs (D:3)
  6 bats
  3 endoplasms
  A giant cockroach (D:2)
  5 goblins
  9 hobgoblins
  6 jackals
  3 quokkas
  6 ball pythons
  4 frilled lizards
  9 kobolds
  4 rats
69 creatures vanquished.

Notes
Turn   | Place    | Note
-------+----------+-------------------------------------------
     0 | D:1      | Tirrikindir the Octopode Fighter began the quest for the
                  | Orb.
     0 | D:1      | Reached XP level 1. HP: 16/16 MP: 1/1
   115 | D:1      | Reached XP level 2. HP: 12/21 MP: 2/2
   393 | D:1      | Reached skill level 1 in Stealth
   826 | D:1      | Reached XP level 3. HP: 23/26 MP: 3/3
  1487 | D:2      | Found a glowing golden altar of the Shining One.
  2233 | D:2      | Reached XP level 4. HP: 31/31 MP: 4/4
  2492 | D:2      | Found a faded altar of an unknown god.
  3089 | D:2      | Became a worshipper of Fedhas Madash
  3089 | D:2      | Reached * piety under Fedhas
  3129 | D:2      | Fell from the grace of Fedhas
  3129 | D:2      | Became a worshipper of the Shining One
  3197 | D:3      | Reached XP level 5. HP: 32/36 MP: 5/5
  3228 | D:3      | Reached skill level 1 in Invocations
  3468 | D:3      | Killed by a torrent of water

Illustrated notes

Levels and vault maps discovered:
D:1:      co_arrival_random_square_maze, layout_basic
D:2:      layout_basic, hellmonk_ecumenical_altar_leap_of_faith, basic_altar
D:3:      layout_basic, minmay_door_square, uniq_grinder

Skill      XL: |  1  2  3  4  5 |
---------------+----------------+-----
Stealth        | 1 |  1.7
Long Blades    | 3 |  3.5
Invocations    | 1 |  1.0
Fighting       | |  3.6
Dodging        | |  3.6
Shields        | |  3.5

Action                   |  1- 3 |  4- 6 || total
-------------------------+-------+-------++-------
Melee: Long sword        |    75 |    47 ||   122
       Constrict         |    16 |    14 ||    30
       Tentacles         |    11 |     9 ||    20
Throw: Dart              |       |     3 ||     3
  Use: Scroll            |     1 |       ||     1
 Stab: Sleeping          |     5 |     3 ||     8
Armor: Skin              |     8 |     3 ||    11
Dodge: Dodged            |    25 |    15 ||    40
Block: Kite shield       |    37 |    18 ||    55
       Rpst.: Long sword |     8 |     3 ||    11
